 Dungeon Crawl Stone Soup version 0.25-a0-248-g18654cfe15 (webtiles) character file.

Game seed: 3792182362693788755, levelgen mode: deterministic

1684 Jerej03 the Sneak (level 8, -6/57 HPs)
             Began as a Vampire Enchanter on Dec 4, 2019.
             Was a Believer of Vehumet.
             Mangled by an ice beast (14 damage)
             ... on level 6 of the Dungeon.
             The game lasted 00:54:54 (5856 turns).

Jerej03 the Sneak (Vampire Enchanter)               Turns: 5856, Time: 00:54:54

Health: -6/57      AC:  9    Str:  9      XL:     8   Next: 71%
Magic:  13/13      EV:  8    Int: 22      God:    Vehumet [**....]
Gold:   339        SH:  0    Dex: 13 (14) Spells: 0/13 levels left

rFire    . . .     SeeInvis +   w - +5 mace (freeze)
rCold    . . .     Gourm    .   (no shield)
rNeg     . . .     Faith    .   k - +0 scale mail
rPois    .         Spirit   .   (no helmet)
rElec    .         Reflect  .   (no cloak)
rCorr    .         Harm     .   p - +0 pair of gloves
MR       .....                  l - +1 pair of boots {Fly}
Stlth    +.........             u - amulet of magic regeneration
HPRegen  0.39/turn              t - +4 ring of intelligence
MPRegen  0.38/turn              (no ring)

@: flying, very slightly contaminated, regenerating quickly, very heavily
drained
A: no food, fangs 3, see invisible, unbreathing
a: Exsanguinate, Renounce Religion, Stop Flying


You were on level 6 of the Dungeon.
You worshipped Vehumet.
Vehumet was pleased with you.
You were alive.

You visited 1 branch of the dungeon, and saw 6 of its levels.

You collected 339 gold pieces.

Inventory:

Hand Weapons
 b - a +0 antimagic spear
 h - a +4 short sword of draining
 r - a +4 dagger
 s - a +0 long sword
 v - a +5 dire flail
 w - a +5 mace of freezing (weapon)
 x - a +0 glaive
Missiles
 f - 48 arrows
Armour
 c - a +1 chain mail of fire resistance
 k - a +0 scale mail (worn)
 l - a +1 pair of boots of flying (worn)
 p - a +0 pair of gloves (worn)
Jewellery
 t - a +4 ring of intelligence (left hand)
 u - an amulet of magic regeneration (around neck)
Wands
 j - a wand of digging (4)
Scrolls
 a - 5 scrolls of remove curse
 d - 6 scrolls of identify
 g - 3 scrolls of immolation
 i - a scroll of fog
 o - a scroll of amnesia
 y - a scroll of enchant armour
Potions
 e - a potion of brilliance
 m - a potion of might {unknown}
 n - 3 potions of curing


   Skills:
 + Level 2.7(0.0) Fighting
 - Level 5.7(2.2) Short Blades
 - Level 2.5(0.5) Long Blades
 * Level 1.6(0.0) Maces & Flails
 + Level 3.7(0.0) Armour
 + Level 4.7(0.9) Dodging
 + Level 6.7(2.8) Stealth
 - Level 0.5(0.0) Unarmed Combat
 + Level 3.3(0.0) Spellcasting
 + Level 0.1(0.0) Conjurations
 + Level 6.5(2.6) Hexes
 + Level 0.6(0.0) Ice Magic


You couldn't memorise any spells.
You knew the following spells:

 Your Spells              Type           Power        Failure   Level  Hunger
a - Corona                Hex            ##.....      45%         1    N/A
b - Ensorcelled Hibernat  Hex/Ice        #.....       78%         2    N/A
c - Confuse               Hex            ##......     83%         3    N/A
d - Magic Dart            Conj           #...         82%         1    N/A
e - Tukima's Dance        Hex            ##......     83%         3    N/A
f - Dazzling Flash        Conj/Hex       #.....       95%         3    N/A

Your spell library contained the following spells:

 Spells                   Type           Power        Failure   Level  Hunger


Dungeon Overview and Level Annotations

Branches:
Dungeon (6/15)             Temple (0/1) D:6

Altars:
Dithmenos
Fedhas
Gozag
Hepliaklqana
Makhleb
Nemelex Xobeh
Okawaru
Ru
Sif Muna
Trog
Vehumet
Wu Jian


Innate Abilities, Weirdness & Mutations

You do not eat.
Your natural rate of healing is unusually fast.
You have razor-sharp teeth.
You have supernaturally acute eyesight. (SInv)
You can survive without breathing.


Message History

The ice beast hits you but does no damage. x2
You hit the ice beast.
The ice beast is heavily wounded.
The ice beast hits you but does no damage.
You hit the ice beast but do no damage.
The ice beast is heavily wounded.
The ice beast barely misses you.
You completely miss the ice beast.
The ice beast is heavily wounded.
The ice beast hits you but does no damage.
The ice beast barely misses you.
You hit the ice beast.
The ice beast is heavily wounded.
The ice beast hits you but does no damage.
You hit the ice beast but do no damage.
The ice beast is heavily wounded.
The ice beast hits you.
* * * LOW HITPOINT WARNING * * *
The ice beast freezes you!
You die...

.......############ #..##'##
#.####............#####.##...##
#.# #########.........#[.....##
#.# #####.#######.#..⌠.⌠..## #.#
#.....# #.'...<...'. #.#
#.######## ####.⌠.⌠..#. #.#
####.# ##888## ###.....##. #.#
#....###8...8# #.##...##..
#.#####.#####..Y@.8# #)###'##...
........# #.8...8# #...)......
#.###########.#888##########.####
..##..........####...# #.......
..##.#######.#####...### #.###.##
..#*,* #.# #.......###.# ##.#
#.#*,* #.# #...........#####.
..#*,* #.# #....>..##(.##....
#.#*,* #(# ###..)####..##.###


You could see an ice beast.

Vanquished Creatures
  Menkaure (D:5)
  2 ice beasts (D:6)
  A necrophage (D:6)
  2 ogres
  A bullfrog (D:5)
  5 wights (D:6)
  A howler monkey (D:5)
  2 crimson imps (D:5)
  A bullfrog zombie (D:5)
  A centaur zombie (D:6)
  A quasit (D:5)
  An orc priest (D:5)
  A bullfrog skeleton (D:4)
  5 orc wizards
  Jessica (D:3)
  3 iguanas
  Ijyb (D:3)
  Natasha (thrice) (D:2)
  3 worker ants (D:4)
  A hound skeleton (D:6)
  A howler monkey skeleton (D:4)
  4 adders
  3 gnolls (D:3)
  A shadow imp (D:5)
  An ooze (D:1)
  An adder skeleton (D:5)
  A worm (D:2)
  A dart slug (D:1)
  3 leopard geckos
  17 orcs
  5 bats
  3 giant cockroaches
  5 goblins
  6 hobgoblins
  5 jackals
  10 kobolds
  A quokka (D:3)
  A ball python skeleton (D:4)
  7 frilled lizards
  A quokka skeleton (D:5)
  2 rats
116 creatures vanquished.

Vanquished Creatures (others)
  An orc wizard (D:4)
1 creature vanquished.

Grand Total: 117 creatures vanquished

Notes
Turn   | Place    | Note
-------+----------+-------------------------------------------
     0 | D:1      | Jerej03 the Vampire Enchanter began the quest for the Orb.
     0 | D:1      | Reached XP level 1. HP: 13/13 MP: 3/3
   115 | D:1      | Reached XP level 2. HP: 14/19 MP: 3/5
   243 | D:1      | Reached skill level 5 in Hexes
   630 | D:1      | Reached XP level 3. HP: 22/24 MP: 4/6
  1078 | D:2      | Noticed Natasha
  1083 | D:2      | Learned a level 2 spell: Ensorcelled Hibernation
  1087 | D:2      | Learned a level 3 spell: Confuse
  1101 | D:2      | Killed Natasha
  1113 | D:2      | Noticed Natasha
  1121 | D:2      | Reached skill level 1 in Armour
  1126 | D:2      | Killed Natasha
  1126 | D:2      | Reached XP level 4. HP: 22/31 MP: 2/7
  1252 | D:2      | Found a radiant altar of Vehumet.
  1258 | D:2      | Became a worshipper of Vehumet
  1274 | D:2      | Noticed Natasha
  1300 | D:2      | Killed Natasha
  1428 | D:2      | Found an ornate altar of the Wu Jian Council.
  1440 | D:2      | Reached XP level 5. HP: 34/36 MP: 8/8
  1760 | D:3      | Reached skill level 5 in Stealth
  1921 | D:3      | Found a hazy altar of Hepliaklqana.
  1921 | D:3      | Noticed Jessica
  1935 | D:3      | Killed Jessica
  1938 | D:3      | Found an iron altar of Okawaru.
  2029 | D:3      | Found a bloodstained altar of Trog.
  2029 | D:3      | Found a sparkling altar of Nemelex Xobeh.
  2201 | D:3      | Reached * piety under Vehumet
  2201 | D:3      | Offered knowledge of Shock by Vehumet.
  2218 | D:3      | Reached skill level 1 in Fighting
  2403 | D:3      | Found a shadowy altar of Dithmenos.
  2403 | D:3      | Found a blossoming altar of Fedhas.
  2561 | D:3      | Reached XP level 6. HP: 43/43 MP: 9/9
  3072 | D:4      | Noticed Ijyb
  3124 | D:3      | Killed Ijyb
  3183 | D:4      | Reached XP level 7. HP: 13/48 MP: 10/10
  3494 | D:4      | Found a shimmering blue altar of Sif Muna.
  3579 | D:4      | Reached skill level 5 in Short Blades
  3718 | D:5      | Entered Level 5 of the Dungeon
  3807 | D:5      | Offered knowledge of Magic Dart by Vehumet.
  3810 | D:5      | Noticed Menkaure
  3815 | D:5      | Reached ** piety under Vehumet
  3932 | D:5      | Killed Menkaure
  3958 | D:5      | Learned a level 1 spell: Magic Dart
  3962 | D:5      | Learned a level 3 spell: Tukima's Dance
  4091 | D:5      | Reached XP level 8. HP: 31/56 MP: 12/12
  4277 | D:5      | Found a sacrificial altar of Ru.
  4355 | D:5      | Reached skill level 1 in Long Blades
  4392 | D:5      | Found an opulent altar of Gozag.
  4500 | D:6      | Found a burning altar of Makhleb.
  4651 | D:6      | Found a staircase to the Ecumenical Temple.
  4783 | D:6      | Learned a level 3 spell: Dazzling Flash
  4852 | D:6      | Reached skill level 1 in Maces & Flails
  5400 | D:6      | HP: 2/57 [orc warrior/boomerang (4)]
  5542 | D:6      | HP: 1/57 [wight/cursed +0 scimitar (8)]
  5856 | D:6      | Mangled by an ice beast

Levels and vault maps discovered:
D:1:      dpeg_arrival_tiny_b, layout_basic, serial_bayou_pond_a
D:2:      layout_basic, vehumet_crystals, nicolae_overflow_crystal_walls,
          kennysheep_nondescript, minmay_pentomino_q2, uniq_natasha
D:3:      layout_loops_corners, okawaru_gym_becter,
          gammafunk_temple_overflow_elements, overflow_temple_1_default,
          gammafunk_temple_overflow_wave, uniq_jessica
D:4:      layout_basic, tgw_sif, first_ration, serial_glass, glass_columns_a,
          glass_columns_a, minmay_strange_pillars, feat_on_display,
          due_unseen_surprise, feat_on_display, uniq_ijyb
D:5:      layout_cave_pools, nicolae_ru_the_path_less_chosen,
          nicolae_gozag_cash_rules_everything_around_me, uniq_menkaure
D:6:      layout_loops_ring, makhleb_blood_cavern_becter,
          minmay_temple_entry_statues, kennysheep_small_circle

Skill      XL: |  1  2  3  4  5  6  7  8 |
---------------+-------------------------+-----
Hexes          | 5 6 |  6.5
Armour         | 1 2 3 |  3.7
Short Blades   | 2 3 4 5 |  5.7
Stealth        | 5 6 |  6.7
Fighting       | 1 2 |  2.7
Dodging        | 3 4 |  4.7
Long Blades    | 2 |  2.5
Spellcasting   | 3 |  3.3
Maces & Flails | 1 |  1.6
Unarmed Combat | |  0.5
Conjurations   | |  0.1
Ice Magic      | |  0.6

Action                   |  1- 3 |  4- 6 |  7- 9 || total
-------------------------+-------+-------+-------++-------
Melee: Dagger            |    58 |       |       ||    58
       Bite              |     6 |    13 |    28 ||    47
       Short sword       |    33 |   218 |    73 ||   324
       Unarmed           |       |    11 |       ||    11
       Long sword        |       |       |   210 ||   210
       Mace              |       |       |    43 ||    43
       Dire flail        |       |       |    20 ||    20
 Cast: Corona            |    13 |     1 |     8 ||    22
       Ensorcelled Hiber |     2 |     2 |     5 ||     9
       Confuse           |       |     2 |    11 ||    13
       Magic Dart        |       |       |     2 ||     2
  Use: Scroll            |     7 |     6 |    13 ||    26
       Potion            |       |     5 |     1 ||     6
 Stab: Sleeping          |     1 |     6 |     1 ||     8
       Distracted        |       |     2 |       ||     2
       Confused          |       |     1 |     8 ||     9
Armor: Ring mail         |    29 |     6 |       ||    35
       Robe              |     6 |       |       ||     6
       Scale mail        |       |    85 |   230 ||   315
       Chain mail        |       |       |    23 ||    23
Dodge: Dodged            |    45 |   108 |   226 ||   379
       Rpst.: Long sword |       |       |    41 ||    41

Table legend:
 A = Non-vault XP
 B = Vault XP
 C = Vault XP percentage of total XP
 D = Non-vault monster count
 E = Vault monster count
 F = Vault count percentage of total count
                 A         B        C        D         E       F
            +---------+---------+-------+---------+---------+-------
      Total |    1966 |     441 |  18.3 |     108 |       9 |   7.7
            +---------+---------+-------+---------+---------+-------
        D:1 |      44 |       0 |   0.0 |      22 |       0 |   0.0
        D:2 |     119 |      37 |  23.7 |       9 |       3 |  25.0
        D:3 |     145 |      73 |  33.5 |      31 |       2 |   6.1
        D:4 |     393 |      42 |   9.7 |      16 |       1 |   5.9
        D:5 |     548 |     169 |  23.6 |      16 |       1 |   5.9
        D:6 |     717 |     120 |  14.3 |      14 |       2 |  12.5
            +---------+---------+-------+---------+---------+-------
